 Dungeon Crawl Stone Soup version 0.30-a0-358-g0d69a1922f (webtiles) character file.

Game seed: 9386012503847883089

16 retardedninja the Trooper (level 2, -8/27 HPs)
             Began as a Hill Orc Fighter on Nov 10, 2022.
             Mangled by Sigmund
             ... wielding a +2 scythe of venom
              (11 damage)
             ... on level 2 of the Dungeon.
             The game lasted 00:01:07 (825 turns).

retardedninja the Trooper (Hill Orc Fighter)         Turns: 825, Time: 00:01:08

Health: -8/27      AC: 10    Str: 18    XL:     2   Next: 58%
Magic:  2/2        EV:  6    Int:  8    God:
Gold:   52         SH:  4    Dex: 10    Spells: 1/1 levels left

rFire   . . .      SeeInvis .    a - +0 war axe
rCold   . . .      Faith    .    c - +0 buckler
rNeg    . . .      Spirit   .    k - +0 chain mail
rPois   .          Reflect  .    (no helmet)
rElec   .          Harm     .    l - +0 cloak
rCorr   .          Rampage  .    (no gloves)
Will    .....                    (no boots)
Stlth   ..........               e - amulet of regeneration
HPRegen 1.04/turn                (no ring)
MPRegen 0.08/turn                (no ring)

@: lethally poisoned (-8 -> -13)
A: no striking features
a: no special abilities


You were on level 2 of the Dungeon.
You visited 1 branch of the dungeon, and saw 2 of its levels.

You collected 52 gold pieces.

Inventory:

Hand Weapons
 a - a +0 war axe (weapon)
Armour
 c - a +0 buckler (worn)
 k - a +0 chain mail (worn)
 l - a +0 cloak (worn)
Jewellery
 e - an amulet of regeneration (around neck)
Scrolls
 f - 3 scrolls of amnesia {unknown}
 g - 4 scrolls of identify {unknown}
 h - a scroll of noise {unknown}
Potions
 d - a potion of might
 i - a potion of magic {unknown}
 j - a potion of invisibility {unknown}


   Skills:
 + Level 3.9 Fighting
 + Level 3.1 Axes
 + Level 3.5 Armour
 + Level 3.5 Shields


You had one spell level left.
You didn't know any spells.
Your spell library contained the following spells:

 Spells                   Type           Power      Damage    Failure   Level
 Beastly Appendage        Tmut           0%         N/A       100%        1
 Cigotuvi's Dreadful Rot  Necr/Pois/Air  0%         N/A       100%        2
 Poisonous Vapours        Pois/Air       0%         N/A       100%        2
 Wereblood                Tmut           0%         N/A       100%        2
 Mephitic Cloud           Conj/Pois/Air  0%         N/A       100%        3
 Spider Form              Tmut/Pois      0%         N/A       100%        3


Dungeon Overview and Level Annotations

Branches:
Dungeon (2/15)

Altars:

Annotations:
D:2 Sigmund


Message History

You bump into the rock wall.
You're too confused to move!
Sigmund points at you and mumbles some strange words.
The magic dart hits you but does no damage.
You bump into the rock wall.
Sigmund hits you with a +2 scythe of venom.
You are poisoned.
You bump into the rock wall.
You feel very sick. Sigmund hits you but does no damage.
You are more poisoned.
You bump into the rock wall.
You feel less confused.
You feel very sick.
You slash Sigmund!
Sigmund is moderately wounded.
You feel very sick.
Sigmund mumbles some strange words.
Sigmund flickers and vanishes!
Deactivating autopickup; reactivate with Ctrl-A.
You miss something.
You feel sick. You block something's attack.
You hit something.
You feel sick. Something hits you.
You are more poisoned.
You barely miss something.
You feel very sick. You block something's attack.
You miss something.
You feel very sick. Something hits you but does no damage.
You are more poisoned.
You hit something.
* * * LOW HITPOINT WARNING * * *
You feel very sick. Something hits you but does no damage.
You are lethally poisoned!
You miss something.
* * * LOW HITPOINT WARNING * * *
You feel very sick. Something hits you!
You die...

#...#### #.....) ##
####.....) ..
.......... .# ###...)..
.# #...... .# #...##.
#.#.####.########...##.
#....{@.#...........##.
###.####.#######....###
..).)......# #....#
....###.##.# #....# #
#.##.#####....###
#†##.............
#.########...#### #<#
#...# #.# ###...####


There were no monsters in sight!

Vanquished Creatures
  3 endoplasms
  A giant cockroach (D:1)
  A ball python (D:1)
  3 frilled lizards
  2 goblins
  6 kobolds
  2 rats (D:1)
18 creatures vanquished.

Notes
Turn   | Place    | Note
-------+----------+-------------------------------------------
     0 | D:1      | retardedninja the Hill Orc Fighter began the quest for the
                  | Orb.
     0 | D:1      | Reached XP level 1. HP: 19/19 MP: 1/1
   210 | D:1      | Found a faded altar of an unknown god.
   279 | D:1      | Reached XP level 2. HP: 27/27 MP: 2/2
   810 | D:2      | Noticed Sigmund
   825 | D:2      | Mangled by Sigmund

Illustrated notes

Levels and vault maps discovered:
D:1:      dpeg_arrival_round_c, layout_loops_ring,
          shapermc_ecumenical_altar_mp_highgroup
D:2:      layout_loops_ring, uniq_robin, uniq_sigmund

Skill      XL: |  1  2 |
---------------+-------+-----
Axes           | 3 |  3.1
Fighting       | |  3.9
Armour         | |  3.5
Shields        | |  3.5

Action                   || total
-------------------------++-------
Melee: War axe           ||    56
Armor: Scale mail        ||    16
       Chain mail        ||    12
Dodge: Dodged            ||    19
Block: Buckler           ||     7

Table legend: (Time is in decaauts)
 A = Elapsed time spent in this place.
 B = Non-inter-level travel time spent in this place.
 C = Inter-level travel time spent in this place.
 D = Time resting spent in this place.
 E = Time spent auto-exploring this place.
 F = Levels seen in this place.
 G = Mean time per level.
                   A        B        C        D        E       F      G
               +--------+--------+--------+--------+--------+-----+--------+
         Total |    846 |    830 |     16 |      0 |    643 |   2 |  423.0 |
       Dungeon |    846 |    830 |     16 |      0 |    643 |   2 |  423.0 |
               +--------+--------+--------+--------+--------+-----+--------+

Top non-repeatable levels by time:
     D:1: 656 daAuts
     D:2: 190 daAuts
